 Dungeon Crawl Stone Soup version 0.30-a0-777-ga9a30cbeda (webtiles) character file.

Game seed: 6497762788884570919

13729 Crownlay the Thaumaturge (level 12, -4/70 HPs)
             Began as a Gargoyle Earth Elementalist on Feb 13, 2023.
             Was a High Priest of Vehumet.
             Slain by a red ugly thing (10 damage)
             ... on level 11 of the Dungeon.
             The game lasted 00:23:10 (10484 turns).

Crownlay the Thaumaturge (GrEE)                    Turns: 10484, Time: 00:23:10

Health: -4/70      AC: 21    Str: 19    XL:     12   Next: 9%
Magic:  24/27      EV: 12    Int: 27    God:    Vehumet [*****.]
Gold:   684        SH:  0    Dex: 16    Spells: 24/34 levels left

rFire   . . .      SeeInvis .    w - +3 war axe of Cewe {venom, *Rage *Noise Will+++ Str+4}
rCold   . . .      Faith    .    (no shield)
rNeg    + + .      Spirit   .    C - +3 steam dragon scales
rPois   ∞          Reflect  .    u - +2 helmet
rElec   +          Harm     .    c - +0 cloak
rCorr   .          Rampage  .    d - +0 pair of gloves
Will    +++..      Rage     20%  (no boots)
Stlth   ++                       P - amulet of Atweil {RegenMP rElec rN+ Regen+ Str+3}
HPRegen 1.11/turn                t - +6 ring of intelligence
MPRegen 0.60/turn                h - +6 ring of dexterity

@: no status effects
A: sickness immunity, AC +8, negative energy resistance 1, electricity
resistance, torment resistance 1, petrification resistance
a: Renounce Religion


You were on level 11 of the Dungeon.
You worshipped Vehumet.
Vehumet was extremely pleased with you.
You visited 2 branches of the dungeon, and saw 12 of its levels.
You also visited: Bailey.

You collected 684 gold pieces.

Inventory:

Hand Weapons
 f - a +1 dagger of venom
 w - the +3 war axe of Cewe (weapon) {venom, *Rage *Noise Will+++ Str+4}
   (You found it on level 4 of the Dungeon)

   Str:       It affects your strength (+4).
   *Noise:    It may make noises in combat.
   *Rage:     It berserks you when you make melee attacks (+20% chance).
   Will:      It greatly increases your willpower.
Armour
 c - a +0 cloak (worn)
 d - a +0 pair of gloves (worn)
 u - a +2 helmet (worn)
 C - +3 steam dragon scales (worn)
 F - the +2 leather armour of Iceatass {rCorr}
   (You found it in a bailey)

   rCorr:     It protects you from acid and corrosion.
Magical Staves
 K - a staff of conjuration
Jewellery
 h - a +6 ring of dexterity (right hand)
 t - a +6 ring of intelligence (left hand)
 y - a ring of protection from fire
 J - a ring of positive energy
 O - a +6 ring of strength
 P - the amulet of Atweil (around neck) {RegenMP rElec rN+ Regen+ Str+3}
   (You found it on level 11 of the Dungeon)

   [amulet of magic regeneration]

   It increases your rate of magic regeneration.
   Str:       It affects your strength (+3).
   rElec:     It insulates you from electricity.
   rN:        It protects you from negative energy.
   Regen:     It increases your rate of health regeneration.
Wands
 o - a wand of flame (32)
 H - a wand of digging (3)
Scrolls
 g - a scroll of amnesia
 j - 2 scrolls of butterflies {unknown}
 p - 5 scrolls of fog
 s - 2 scrolls of noise
 x - 3 scrolls of acquirement
 z - a scroll of vulnerability {unknown}
 A - a scroll of fear {unknown}
 B - 2 scrolls of silence
 E - a scroll of blinking {unknown}
 G - a scroll of brand weapon {unknown}
 L - a scroll of enchant weapon {unknown}
 M - 2 scrolls of teleportation {unknown}
 N - a scroll of immolation {unknown}
Potions
 b - 2 potions of magic
 e - 5 potions of curing
 i - 3 potions of resistance
 k - 3 potions of haste
 l - 2 potions of lignification {unknown}
 m - a potion of brilliance
 n - a potion of ambrosia {unknown}
 q - 4 potions of flight {unknown}
 r - 2 potions of degeneration {unknown}
 v - 6 potions of heal wounds
 D - a potion of cancellation
 I - a potion of invisibility {unknown}


   Skills:
 + Level 6.1 Fighting
 - Level 1.5 Dodging
 - Level 2.1 Stealth
 + Level 3.0 Shields
 * Level 11.8 Spellcasting
 + Level 6.1 Conjurations
 - Level 2.0 Hexes
 + Level 5.2 Summonings
 + Level 2.3 Necromancy
 - Level 0.7 Transmutations
 + Level 2.0 Fire Magic
 + Level 11.2 Earth Magic


You had 24 spell levels left.
You knew the following spells:

 Your Spells              Type           Power      Damage    Failure   Level
a - Sandblast             Erth           100%       2d20      1%          1
b - Stone Arrow           Conj/Erth      100%       3d13      1%          3
c - Starburst             Conj/Fire      19%        6d7       26%         6

Your spell library contained the following spells:

 Spells                   Type           Power      Damage    Failure   Level
 Passwall                 Tmut/Erth      40%        N/A       1%          2
 Ensorcelled Hibernation  Hex/Ice        42%        N/A       3%          2
 Petrify                  Tmut/Erth      48%        N/A       3%          4
 Lesser Beckoning         Tloc           32%        N/A       5%          2
 Gell's Gravitas          Tloc           16%        N/A       11%         3
 Swiftness                Air            16%        N/A       11%         3
 Teleport Other           Tloc           16%        N/A       11%         3


Dungeon Overview and Level Annotations

Branches:
Dungeon (11/15)            Temple (1/1) D:4            Lair (0/5) D:10
    Orc (0/2) D:11         Bailey (visited)

Altars:
Ashenzari
Cheibriados
Dithmenos
Elyvilon
Fedhas
Gozag
Hepliaklqana
Kikubaaqudgha
Makhleb
Nemelex Xobeh
Qazlal
Ru
Sif Muna
Trog
Uskayaw
Vehumet
Xom
Yredelemnul
Zin
The Shining One

Shops:
D:1 (   D:2 *


Innate Abilities, Weirdness & Mutations

You are immune to sickness and miasma.
Your stone body is resilient. (AC +8)
You are immune to poison.
You resist negative energy. (rN+)
You are resistant to electric shocks. (rElec)
You are resistant to unholy torment.
You are immune to petrification.


Message History

You start removing your amulet.
You continue taking off your amulet of guardian spirit. x4
You finish taking off your amulet of guardian spirit.
You start putting on your amulet.
You continue putting on the amulet of Atweil {RegenMP rElec rN+ Regen+ Str+3}. x5
You finish putting on the amulet of Atweil {RegenMP rElec rN+ Regen+ Str+3}.
The amulet of Atweil throbs as it attunes itself to your uninjured body.
You feel stronger.
P - the amulet of Atweil (around neck) {RegenMP rElec rN+ Regen+ Str+3} You drop an amulet of guardian spirit.
There is an open door here.
A red ugly thing comes into view.
Found a scroll labelled FUPTIR EDAZATA.
The red ugly thing gurgles horribly!
You hear a shout!
The blast of sand hits the red ugly thing.
The red ugly thing is lightly wounded.
The blast of sand hits the red ugly thing but does no damage.
The red ugly thing is lightly wounded.
The red ugly thing stings you but does no damage.
The blast of sand hits the red ugly thing!
The red ugly thing is moderately wounded.
The red ugly thing stings you but does no damage.
A cyclops comes into view.
The blast of sand hits the red ugly thing!!
The red ugly thing is severely wounded.
The red ugly thing stings you!
You are engulfed in flames!!
The red ugly thing stings you.
You are engulfed in flames!!
* * * LOW HITPOINT WARNING * * *
You are too injured to fight recklessly!
You are too injured to fight recklessly!
Casting: Sandblast (safe; 1% risk of failure)
Confirm with . or Enter, or press ? or * to list all spells.
Aiming: Stone Arrow (safe; 1% risk of failure)
Press: ? - help, Shift-Dir - straight line, f/p - red ugly thing
Aim: a red ugly thing (severely wounded, 78% to hit)
The stone arrow misses the red ugly thing.
The cyclops throws a large rock.
The large rock hits you!
* * * LOW HITPOINT WARNING * * *
The red ugly thing stings you!
You die...

#######################
.......................
.....................#
.....................#
....†................#
....†.†..............#
.....................#
#...............@....#
#########'#######u......
#..............#.....C.
#..............#...?...
#..............###+####
#...............#
###...####.....##
#"..####.....#
#............#


You could see a red ugly thing and a cyclops.

Vanquished Creatures
  Snorg (D:11)
  Erolcha (D:8)
  An orc high priest (Bailey)
  2 orc knights (Bailey)
  Maggie (D:7)
  A kobold demonologist (Bailey)
  A troll (D:10)
  2 wraiths
  2 shadows
  20 yaks
  Grum (D:9)
  Eustachio (D:6)
  4 steam dragons
  Menkaure (D:7)
  4 ice beasts
  2 sky beasts
  13 orc warriors
  An ogre (D:11)
  2 black bears (D:5)
  3 wolves (D:9)
  A phantom (D:5)
  3 kobold brigands
  A gnoll sergeant (D:10)
  3 bullfrogs
  6 scorpions
  2 necrophages
  13 wights
  10 killer bees
  5 electric eels (Bailey)
  3 howler monkeys
  6 hounds
  3 jellies (D:6)
  6 orc priests
  10 iguanas
  4 orc wizards
  Terence (D:3)
  16 gnolls
  8 adders
  4 shadow imps (D:6)
  3 white imps (D:5)
  An ufetubus (D:5)
  3 worms
  6 dart slugs
  46 orcs
  2 ball pythons
  3 endoplasms
  2 giant cockroaches
  6 goblins
  13 hobgoblins
  6 jackals
  3 quokkas
  A bat (D:3)
  3 frilled lizards
  19 kobolds
  6 rats
292 creatures vanquished.

Vanquished Creatures (others)
  12 plants
12 creatures vanquished.

Grand Total: 304 creatures vanquished

Notes
Turn   | Place    | Note
-------+----------+-------------------------------------------
     0 | D:1      | Crownlay the Gargoyle Earth Elementalist began the quest
                  | for the Orb.
     0 | D:1      | Reached XP level 1. HP: 10/10 MP: 3/3
   213 | D:1      | Reached XP level 2. HP: 15/15 MP: 3/5
   248 | D:1      | Found Oshos's Weapon Boutique.
   461 | D:1      | Found a faded altar of an unknown god.
  1160 | D:2      | Reached XP level 3. HP: 19/19 MP: 4/7
  1165 | D:2      | Learned a level 3 spell: Stone Arrow
  1344 | D:2      | Reached XP level 4. HP: 9/24 MP: 0/9
  1427 | D:2      | Found Canomat's General Store.
  2050 | D:3      | Found a bloodstained altar of Trog.
  2050 | D:3      | Found a sacrificial altar of Ru.
  2050 | D:3      | Found a shimmering altar of Xom.
  2439 | D:3      | Noticed Terence
  2444 | D:3      | Killed Terence
  2445 | D:3      | Reached XP level 5. HP: 25/28 MP: 2/11
  2809 | D:4      | Found a staircase to the Ecumenical Temple.
  2816 | Temple   | Entered the Ecumenical Temple
  2861 | Temple   | Became a worshipper of Vehumet
  2985 | D:4      | Reached skill level 5 in Earth Magic
  3068 | D:4      | Upgraded the game from 0.30-a0-772-g5528072125 to
                  | 0.30-a0-777-ga9a30cbeda
  3206 | D:4      | Identified the +3 war axe of Cewe {venom, *Rage *Noise
                  | Will+++ Str+4}
  3371 | D:4      | Reached XP level 6. HP: 32/32 MP: 6/13
  3452 | D:4      | Reached skill level 5 in Spellcasting
  3842 | D:5      | Entered Level 5 of the Dungeon
  3976 | D:5      | Noticed an ice beast
  4105 | D:5      | Noticed a black bear
  4108 | D:5      | Killed a black bear
  4109 | D:5      | Reached XP level 7. HP: 36/36 MP: 11/15
  4177 | D:5      | Reached * piety under Vehumet
  4177 | D:5      | Offered knowledge of Freeze by Vehumet.
  4247 | D:5      | Noticed a yak
  4569 | D:5      | Reached XP level 8. HP: 41/41 MP: 15/18
  4717 | D:5      | Killed a yak
  5257 | D:6      | Noticed Eustachio
  5268 | D:6      | Killed Eustachio
  5269 | D:6      | Reached XP level 9. HP: 38/45 MP: 18/21
  5316 | D:6      | Reached ** piety under Vehumet
  5350 | D:6      | Identified the +4 mace of Eternal War {heavy, rPois rN+}
  5457 | D:6      | Offered knowledge of Momentum Strike by Vehumet.
  5498 | D:6      | Found a blossoming altar of Fedhas.
  5502 | D:6      | Found a hide-covered altar of Uskayaw.
  5726 | D:6      | Reached skill level 1 in Fighting
  5726 | D:6      | Reached skill level 1 in Conjurations
  5930 | D:6      | Reached skill level 1 in Summonings
  6103 | D:6      | Offered knowledge of Kindle Blastsparks by Vehumet.
  6715 | D:7      | Noticed Menkaure
  6719 | D:7      | Killed Menkaure
  6720 | D:7      | Reached XP level 10. HP: 55/55 MP: 21/23
  6725 | D:7      | Found a flagged portal.
  6736 | Bailey   | Entered a bailey
  6764 | Bailey   | Reached *** piety under Vehumet
  6768 | Bailey   | Reached skill level 10 in Spellcasting
  6838 | Bailey   | Noticed an orc high priest
  6843 | Bailey   | Noticed an orange demon
  6844 | Bailey   | Killed an orc high priest
  6844 | Bailey   | Offered knowledge of Olgreb's Toxic Radiance by Vehumet.
  6972 | Bailey   | Noticed an orc knight
  6996 | Bailey   | Killed an orc knight
  6997 | Bailey   | Reached skill level 10 in Earth Magic
  7089 | Bailey   | Found an iron altar of Okawaru.
  7156 | Bailey   | Noticed an orc knight
  7162 | Bailey   | Killed an orc knight
  7300 | Bailey   | Noticed a kobold demonologist
  7302 | Bailey   | Noticed a sun demon
  7308 | Bailey   | Killed a kobold demonologist
  7310 | Bailey   | Reached **** piety under Vehumet
  7340 | Bailey   | Identified the +2 leather armour of Iceatass {rCorr}
  7643 | D:7      | Noticed Maggie
  7664 | D:7      | Killed Maggie
  7745 | D:7      | Offered knowledge of Dazzling Flash by Vehumet.
  7781 | D:7      | Reached XP level 11. HP: 60/62 MP: 24/26
  7812 | D:7      | Found a white marble altar of Elyvilon.
  8219 | D:8      | Found an opulent altar of Gozag.
  8313 | D:8      | Reached skill level 5 in Fighting
  8313 | D:8      | Reached skill level 5 in Conjurations
  8507 | D:8      | Found a broken altar of Ashenzari.
  8596 | D:9      | Noticed Erolcha
  8614 | D:8      | Killed Erolcha
  8673 | D:9      | Reached skill level 1 in Shields
  8831 | D:9      | Found a glowing golden altar of the Shining One.
  8873 | D:9      | Reached skill level 1 in Hexes
  8875 | D:9      | Reached skill level 1 in Necromancy
  9137 | D:9      | Reached ***** piety under Vehumet
  9149 | D:9      | Noticed Grum
  9154 | D:9      | Killed Grum
  9154 | D:9      | Offered knowledge of Starburst by Vehumet.
  9437 | D:9      | Learned a level 6 spell: Starburst
  9462 | D:10     | Entered Level 10 of the Dungeon
  9522 | D:10     | Found a hazy altar of Hepliaklqana.
  9774 | D:10     | Reached skill level 1 in Fire Magic
  9881 | D:10     | Found a staircase to the Lair.
 10044 | D:11     | Noticed Snorg
 10049 | D:11     | Killed Snorg
 10051 | D:11     | Reached skill level 5 in Summonings
 10142 | D:11     | Reached XP level 12. HP: 48/69 MP: 16/27
 10331 | D:11     | Found a staircase to the Orcish Mines.
 10426 | D:11     | Identified the amulet of Atweil {RegenMP rElec rN+ Regen+
                  | Str+3}
 10484 | D:11     | Slain by a red ugly thing

Illustrated notes

Levels and vault maps discovered:
D:1:      dpeg_arrival_brainrot, layout_basic,
          shapermc_ecumenical_altar_totnotflames, serial_shops,
          nicolae_shop_bloodbath_and_beyond
D:2:      layout_loops_cross, serial_shops, shop
D:3:      layout_rooms, gammafunk_temple_overflow_forgotten,
          kennysheep_cross_bottleneck, uniq_terence
D:4:      layout_loops_ring, minmay_temple_entry_statues
D:5:      minmay_thinvault, layout_cave_pods, corexii_corridor_pit,
          serial_bayou_crossing
D:6:      layout_basic, grunt_temple_overflow_open, kennysheep_pointless_box,
          minmay_joined_circles, uniq_eustachio
D:7:      layout_basic, elyvilon_altar_3, enter_bailey_2, uniq_menkaure,
          uniq_maggie
D:8:      layout_rooms, mainiacjoe_overflow_catwalk, ashenzari_altar_1
D:9:      layout_loops_ring, mainiacjoe_overflow_boulevard, uniq_grum,
          uniq_erolcha
D:10:     layout_small_grid, lemuel_doored_altar, lair_entry_dummy
D:11:     layout_stronghold, erik_orc_3, st_stairs_5, uniq_snorg
Temple:   nicolae_temple_hex_pool

Skill      XL: |  1  2  3  4  5  6  7  8  9 10 11 12 |
---------------+-------------------------------------+-----
Earth Magic    | 4 5 6 7 8 9 10 11 | 11.2
Spellcasting   | 3 4 5 6 8 9 11 | 11.8
Fighting       | 2 4 5 6 |  6.1
Conjurations   | 2 4 6 |  6.1
Summonings     | 2 4 5 |  5.2
Shields        | 2 3 |  3.0
Hexes          | 2 |  2.0
Necromancy     | 2 |  2.3
Fire Magic     | 1 2 |  2.0
Dodging        | |  1.5
Stealth        | |  2.1
Transmutations | |  0.7

Action                     |  1- 3 |  4- 6 |  7- 9 | 10-12 || total
---------------------------+-------+-------+-------+-------++-------
  Melee: Dagger            |     2 |       |       |       ||     2
         War axe           |       |       |     1 |     6 ||     7
   Cast: Sandblast         |    33 |    93 |   146 |   280 ||   552
         Stone Arrow       |       |     1 |       |    14 ||    15
  Evoke: Wand              |       |       |       |     6 ||     6
    Use: Scroll            |       |       |     6 |     6 ||    12
 Armour: Robe              |     1 |    10 |    21 |       ||    32
         Steam dragon scal |       |       |    10 |    76 ||    86
  Dodge: Dodged            |     4 |    17 |    39 |    74 ||   134

Table legend: (Time is in decaauts)
 A = Elapsed time spent in this place.
 B = Non-inter-level travel time spent in this place.
 C = Inter-level travel time spent in this place.
 D = Time resting spent in this place.
 E = Time spent auto-exploring this place.
 F = Levels seen in this place.
 G = Mean time per level.
                   A        B        C        D        E       F      G
               +--------+--------+--------+--------+--------+-----+--------+
         Total |  10807 |  10321 |    486 |    115 |   8033 |  13 |  831.3 |
       Dungeon |   9840 |   9385 |    455 |     92 |   7511 |  11 |  894.5 |
        Temple |     77 |     46 |     31 |      0 |     31 |   1 |   77.0 |
        Bailey |    889 |    889 |      0 |     23 |    491 |   1 |  889.0 |
               +--------+--------+--------+--------+--------+-----+--------+

Top non-repeatable levels by time:
     D:5: 1452 daAuts
     D:1: 1164 daAuts
     D:6: 1164 daAuts
     D:4: 970 daAuts
     D:7: 945 daAuts
  Bailey: 889 daAuts
     D:2: 876 daAuts
     D:9: 855 daAuts
     D:3: 806 daAuts
    D:10: 618 daAuts
     D:8: 507 daAuts
    D:11: 479 daAuts
  Temple: 77 daAuts
